 Dungeon Crawl Stone Soup version 0.26-a0-540-g8a0c9464d7 (webtiles) character file.

Game seed: 15036009098420048493

29724 HammerPanzer the Fencer (level 13, -6/96 HPs)
             Began as a Demonspawn Berserker on Aug 22, 2020.
             Was a High Priest of Trog.
             Killed from afar by a fire dragon (41 damage)
             ... with a blast of flame
             ... on level 3 of the Abyss.
             The game lasted 00:42:17 (18115 turns).

HammerPanzer the Fencer (Demonspawn Berserker)     Turns: 18115, Time: 00:42:19

Health: -6/96      AC: 17    Str: 30    XL:     13   Next: 16%
Magic:  13/13      EV: 25    Int: 16    God:    Trog [*****.]
Gold:   966        SH:  0    Dex: 13    Spells: 12/12 levels left

rFire    . . .     SeeInvis .   E - +6 great sword of Saism {vorpal, rElec Str+9 Stlth-}
rCold    . . .     Faith    .   (shield currently unavailable)
rNeg     . . .     Spirit   .   p - +1 chain mail
rPois    .         Reflect  .   y - +1 hat
rElec    +         Harm     .   b - +0 cloak
rCorr    .                      q - +0 pair of gloves
MR       .....                  d - +0 pair of boots
Stlth    ..........             i - amulet of the acrobat
HPRegen  1.26/turn              a - +6 ring of intelligence
MPRegen  0.13/turn              A - +4 ring of protection

@: mighty, berserk cooldown, acrobat, slowed, very slow
A: horns 1, powered by death 2, powered by pain 1, sturdy frame 2
a: Berserk, Trog's Hand, Brothers in Arms, Renounce Religion


You were on level 3 of the Abyss.
You worshipped Trog.
Trog was extremely pleased with you.
You visited 1 branch of the dungeon, and saw 13 of its levels.
You visited the Abyss 1 time.
You also visited: Ossuary.

You collected 966 gold pieces.

Inventory:

Hand Weapons
 B - the +2 mace "Rapsyfeved" {vorpal, rPois rF+ Str+2}
   (You found it on level 12 of the Dungeon)

   It inflicts extra damage upon your enemies.
   It affects your strength (+2).
   It protects you from fire.
   It protects you from poison.
 D - the +2 long sword of Doubt {vamp, *Corrode +Blink Str+7 Stlth+}
   (You found it on level 11 of the Dungeon)

   It inflicts no extra harm, but heals its wielder when it wounds a living foe.
   It affects your strength (+7).
   It lets you blink.
   It may corrode you when you take damage.
   It makes you more stealthy.
 E - the +6 great sword of Saism (weapon) {vorpal, rElec Str+9 Stlth-}
   (Trog gifted it to you on level 11 of the Dungeon)

   It inflicts extra damage upon your enemies.
   It affects your strength (+9).
   It insulates you from electricity.
   It makes you less stealthy.
 I - a +4 scimitar of flaming
Missiles
 j - 20 boomerangs (quivered)
Armour
 b - a +0 cloak (worn)
 d - a +0 pair of boots (worn)
 p - a +1 chain mail (worn)
 q - a +0 pair of gloves (worn)
 y - a +1 hat (worn)
Jewellery
 a - a +6 ring of intelligence (left hand)
 i - an amulet of the acrobat (around neck)
 u - an uncursed amulet of reflection {unknown}
 z - an uncursed ring of resist corrosion
 A - a +4 ring of protection (right hand)
 F - an uncursed ring of protection from magic
Wands
 c - a wand of digging (5)
 k - a wand of random effects (18)
 x - a wand of polymorph (13)
Scrolls
 h - 5 scrolls of remove curse
 m - 6 scrolls of enchant weapon
 v - 2 scrolls of teleportation
 w - a scroll of fear
 G - a scroll of fog
 H - a scroll of blinking {unknown}
 K - a scroll of magic mapping
 L - a scroll of enchant armour
Potions
 e - 6 potions of flight
 f - 9 potions of curing
 g - 3 potions of ambrosia
 l - a potion of berserk rage
 n - 2 potions of might
 o - 4 potions of magic
 r - 2 potions of mutation
 s - 2 potions of resistance
 t - 2 potions of brilliance
 C - a potion of lignification {unknown}
Miscellaneous
 J - a phantom mirror


   Skills:
 - Level 7.3 Fighting
 * Level 15.5 Long Blades
 * Level 11.5 Maces & Flails
 - Level 1.7 Armour
 - Level 1.7 Dodging


You had 12 spell levels left.
You didn't know any spells.
Your spell library was empty.

Dungeon Overview and Level Annotations

Branches:
Dungeon (13/15)            Temple (0/1) D:4            Lair (0/6) D:9
    Orc (0/2) D:10        Ossuary (visited)
 Vaults: D:13-14

Altars:
Kikubaaqudgha
Trog
Yredelemnul

Shops:
D:7 =   D:10 =

Portals:
Trove: D:10 (give +3 storm dragon scales)


Innate Abilities, Weirdness & Mutations

You have a pair of small horns on your head.
You regenerate health from kills.
You sometimes gain a little power by taking damage.
Your movements are less encumbered by armour. (ER -4)


Message History

A chaos spawn comes into view.
Something barely misses you.
A fire dragon comes into view.
The fire dragon roars deafeningly!
The chaos spawn's human head shouts!
You hear a shout!
The chaos spawn is no longer moving slowly.
Something closely misses you. The chaos spawn closely misses you.
You riposte.
You slice the chaos spawn!!
You kill the chaos spawn!
Trog accepts your kill.
The chaos spawn degenerates into a cloud of primal chaos!
Something closely misses you. Something bites you but does no damage.
A fire bat comes into view.
The fire dragon breathes flames at you. The blast of flame hits you!!!
The fire dragon breathes flames at you.
The blast of flame hits the fire dragon!
The fire dragon resists.
The blast of flame hits you!!!
You die...

#.#. .. .. . ..# #...# .
#.# . ..# ##.#. .. ..#
.b⌠..# ####..##..#....#.
#.§...##..#...###....#..
#D.D.'.##.#..# .#
#.D.'.#.#..#......
#''#.#...###...###
..#...@§....#.....#
....................
....................
....................
.#.....#.....#.....
##...###...###...# #....
..... .... ..... ......
.. .... ......


You could see 2 fire dragons and a fire bat.

Vanquished Creatures
  Gastronok (D:11)
  A very ugly thing (D:12)
  A centaur warrior (D:12)
  5 two-headed ogres
  A deep elf knight (D:12)
  3 skeletal warriors (D:13)
  A lindwurm (shapeshifter) (D:9)
  An ugly thing (D:12)
  A black mamba (shapeshifter) (D:12)
  An orange demon (Abyss:3)
  3 gargoyles
  A centaur skeleton (D:11)
  2 efreet (D:12)
  A kobold demonologist (D:11)
  A meliai (D:12)
  2 tengu conjurers
  A hornet (D:11)
  4 trolls
  3 slime creatures (D:13)
  7 hippogriffs
  A large abomination (Abyss:3)
  4 shadows
  A vampire (D:12)
  A wraith (D:5)
  11 yaks
  Grum (D:8)
  2 chaos spawn (Abyss:3)
  3 wargs (D:9)
  2 acid dragons
  A soldier ant (D:10)
  2 water moccasins
  5 orc warriors
  3 black bears
  An ice beast (shapeshifter) (D:12)
  A hornet zombie (D:11)
  4 sky beasts
  7 ogres
  6 ice beasts
  2 phantoms (D:10)
  10 centaurs
  An eye of draining (D:10)
  4 wolves (D:8)
  A boggart (D:12)
  8 big kobolds (D:11)
  7 bullfrogs
  A wyvern skeleton (D:8)
  6 scorpions
  12 killer bees
  A troll zombie (D:10)
  12 wights
  5 howler monkeys
  6 centaur zombies
  2 bullfrog zombies
  A quasit (D:9)
  5 hounds
  A human zombie (Ossuary)
  3 jellies
  10 orc priests
  3 bullfrog skeletons
  12 orc wizards
  4 iguanas
  10 worker ants
  5 ogre zombies (D:10)
  2 hound skeletons
  3 mummies (Ossuary)
  A howler monkey skeleton (D:5)
  3 howler monkey zombies
  A worker ant zombie (D:6)
  4 gnolls (D:2)
  14 adders
  4 shadow imps
  3 white imps
  An ufetubus (D:8)
  3 oozes
  2 adder skeletons
  3 dart slugs
  6 leopard geckos
  38 orcs
  6 giant cockroaches
  7 goblins
  8 hobgoblins
  8 jackals
  6 quokkas
  2 ball pythons
  5 bats
  13 frilled lizards
  A goblin skeleton (D:10)
  6 goblin zombies
  A hobgoblin skeleton (D:10)
  3 hobgoblin zombies
  34 kobolds
  13 kobold skeletons (D:11)
  6 kobold zombies
  A leopard gecko zombie (D:8)
  3 orc skeletons (D:10)
  9 orc zombies
  A quokka zombie (D:5)
  10 rats
460 creatures vanquished.

Vanquished Creatures (collateral kills)
  A hydra (D:12)
  A centaur warrior (D:12)
  An unseen horror (D:12)
  An unseen horror (shapeshifter) (D:12)
  A troll (D:12)
  A quasit (D:12)
  An orc wizard (D:12)
  2 orcs (D:12)
9 creatures vanquished.

Vanquished Creatures (others)
  A centaur simulacrum (D:12)
  An orc (D:12)
2 creatures vanquished.

Grand Total: 471 creatures vanquished

Notes
Turn   | Place    | Note
-------+----------+-------------------------------------------
     0 | D:1      | HammerPanzer the Demonspawn Berserker began the quest for
                  | the Orb.
     0 | D:1      | Reached XP level 1. HP: 18/18 MP: 1/1
    81 | D:1      | Gained mutation: You regenerate a little health from kills.
                  | [demonic ancestry]
    81 | D:1      | Reached XP level 2. HP: 24/24 MP: 2/2
   531 | D:1      | Gained mutation: Your movements are slightly less
                  | encumbered by armour. (ER -2) [demonic ancestry]
   531 | D:1      | Reached XP level 3. HP: 29/29 MP: 3/3
   555 | D:1      | Reached ** piety under Trog
  1168 | D:2      | Gained mutation: You have a pair of small horns on your
                  | head. [demonic ancestry]
  1168 | D:2      | Reached XP level 4. HP: 26/37 MP: 4/4
  1699 | D:2      | Gained mutation: Your movements are less encumbered by
                  | armour. (ER -4) [demonic ancestry]
  1699 | D:2      | Reached XP level 5. HP: 42/42 MP: 5/5
  3180 | D:3      | Reached skill level 5 in Maces & Flails
  3305 | D:3      | Reached *** piety under Trog
  3598 | D:4      | Found a staircase to the Ecumenical Temple.
  3635 | D:4      | Reached XP level 6. HP: 46/49 MP: 6/6
  3815 | D:4      | Reached skill level 5 in Fighting
  4111 | D:4      | Found a bloodstained altar of Trog.
  4133 | D:4      | Reached XP level 7. HP: 56/56 MP: 7/7
  4433 | D:5      | Entered Level 5 of the Dungeon
  4682 | D:5      | Noticed a wraith
  4695 | D:5      | Killed a wraith
  5109 | D:5      | Reached XP level 8. HP: 64/64 MP: 8/8
  5692 | D:6      | Found the +9 heavy crossbow "Sniper" {vorpal, Acc+∞ SInv}
  5694 | D:6      | Found a sand-covered staircase.
  5704 | Ossuary  | Entered an ossuary
  6416 | D:6      | You fall into a shaft and drop 2 floors!
  6758 | D:6      | Reached **** piety under Trog
  7115 | D:7      | Noticed a hippogriff
  7278 | D:7      | Killed a hippogriff
  7278 | D:7      | Reached skill level 2 in Long Blades
  7278 | D:7      | Gained mutation: You regenerate health from kills. [demonic
                  | ancestry]
  7278 | D:7      | Reached XP level 9. HP: 66/72 MP: 9/9
  7385 | D:7      | Found Yfiudwor's Jewellery Emporium.
  7485 | D:7      | Reached skill level 3 in Long Blades
  7767 | D:7      | Reached skill level 4 in Long Blades
  8729 | D:7      | Reached skill level 5 in Long Blades
  9025 | D:8      | Reached skill level 6 in Long Blades
  9605 | D:8      | Reached skill level 7 in Long Blades
  9606 | D:8      | Noticed Grum
  9615 | D:8      | Killed Grum
  9999 | D:9      | Found a staircase to the Lair.
 10000 | D:9      | Noticed a fire crab
 10012 | D:9      | Reached skill level 8 in Long Blades
 10012 | D:9      | Reached XP level 10. HP: 79/79 MP: 10/10
 10052 | D:9      | Reached ***** piety under Trog
 10086 | D:9      | Noticed a lindwurm
 10094 | D:9      | Killed a lindwurm
 10223 | D:9      | Reached skill level 9 in Long Blades
 10411 | D:9      | Found a basalt altar of Yredelemnul.
 11184 | D:10     | Entered Level 10 of the Dungeon
 11189 | D:9      | Reached skill level 10 in Long Blades
 11679 | D:10     | Found Apemump's Jewellery Shop.
 11776 | D:10     | Found a staircase to the Orcish Mines.
 11858 | D:10     | Reached skill level 11 in Long Blades
 12117 | D:10     | Noticed a two-headed ogre
 12186 | D:10     | Killed a two-headed ogre
 12186 | D:10     | Gained mutation: You sometimes gain a little power by
                  | taking damage. [demonic ancestry]
 12186 | D:10     | Reached XP level 11. HP: 30/84 MP: 11/11
 12443 | D:10     | Received a gift from Trog
 13040 | D:10     | Reached skill level 12 in Long Blades
 13332 | D:10     | Found a portal to a secret trove of treasure.
 13491 | D:11     | Noticed Gastronok
 13561 | D:11     | Noticed a two-headed ogre
 13572 | D:11     | Killed a two-headed ogre
 13841 | D:11     | Noticed a two-headed ogre
 13849 | D:11     | Killed a two-headed ogre
 14106 | D:11     | Killed Gastronok
 14106 | D:11     | Reached skill level 13 in Long Blades
 14578 | D:11     | Found a basalt altar of Yredelemnul.
 14742 | D:11     | Got a slimy long sword
 14743 | D:11     | Identified the +2 long sword of Doubt {vamp, *Corrode
                  | +Blink Str+7 Stlth+} (You found it on level 11 of the
                  | Dungeon)
 14963 | D:11     | Received a gift from Trog
 14978 | D:11     | Got a crystal great sword {god gift}
 14979 | D:11     | Identified the +6 great sword of Saism {vorpal, rElec Str+9
                  | Stlth-} (Trog gifted it to you on level 11 of the Dungeon)
 15023 | D:11     | Found an ancient bone altar of Kikubaaqudgha.
 15036 | D:11     | Reached skill level 14 in Long Blades
 15259 | D:12     | Reached XP level 12. HP: 87/91 MP: 12/12
 15392 | D:12     | Got a pitted mace
 15393 | D:12     | Identified the +2 mace "Rapsyfeved" {vorpal, rPois rF+
                  | Str+2} (You found it on level 12 of the Dungeon)
 15505 | D:12     | Noticed a death knight
 15505 | D:12     | Noticed a brown very ugly thing
 15506 | D:12     | Noticed a centaur warrior
 15527 | D:12     | Noticed a two-headed ogre
 15532 | D:12     | Noticed a centaur warrior
 15536 | D:12     | Noticed a six-headed hydra
 15536 | D:12     | Killed a two-headed ogre
 15638 | D:12     | Killed a six-headed hydra
 15639 | D:12     | Killed a centaur warrior
 15693 | D:12     | Killed a white very ugly thing
 15696 | D:12     | Reached skill level 10 in Maces & Flails
 15917 | D:12     | Received a gift from Trog
 16686 | D:12     | Reached skill level 15 in Long Blades
 16776 | D:12     | Killed a centaur warrior
 17480 | D:13     | Noticed a vault guard
 17543 | D:13     | Reached XP level 13. HP: 96/96 MP: 13/13
 17942 | D:13     | Cast into level 2 of the Abyss (a wizard)
 18001 | Abyss:2  | Noticed a tentacled starspawn
 18013 | Abyss:3  | Found a corrupted altar of Lugonu.
 18113 | Abyss:3  | Noticed a fire dragon
 18114 | Abyss:3  | Noticed a fire dragon
 18115 | Abyss:3  | Killed from afar by a fire dragon

Illustrated notes

Levels and vault maps discovered:
D:1:      dpeg_arrival_round_c, layout_loops_ring, wad_floor_pattern_untrapped,
          minivault_26
D:2:      minmay_door_path, layout_loops_corners
D:3:      layout_basic
D:4:      layout_cave_pods, bloody_trog, temple_pool_b
D:5:      layout_layer_cave
D:6:      layout_cave_pools, enter_ossuary_1, grunt_decor_mini_mirrors
D:7:      layout_gridville, serial_shops,
          nicolae_shop_temple_entry_statues_fountains
D:8:      layout_gridville, st_stairs_11, uniq_grum
D:9:      layout_basic, erik_lair_orcish_takeover, yredelemnul_altar_generic
D:10:     layout_loops_corners, zombieorc1_lemuel, nicolae_trove_entry_crystal,
          serial_shops, kennysheep_mini, st_stairs_14
D:11:     wander_kiku_kobolds, layout_irregular_city, basic_altar,
          gauntlet_entry_generic, palyth_stone_intersect, uniq_gastronok
D:12:     minmay_crescents, layout_loops_corners
D:13:     layout_irregular_city, grunt_vaults_entry_fortified
Abyss:3:  base: D:13, evilmike_abyss_exit_vortex,
          due_evilmike_abyss_rune_seething_liches

Skill      XL: |  1  2  3  4  5  6  7  8  9 10 11 12 |
---------------+-------------------------------------+-----
Maces & Flails | 3 4 5 6 7 9 11 | 11.5
Fighting       | 4 5 6 7 |  7.3
Long Blades    | 2 8 11 14 15 | 15.5
Armour         | |  1.7
Dodging        | |  1.7

Action                   |  1- 3 |  4- 6 |  7- 9 | 10-12 | 13-15 || total
-------------------------+-------+-------+-------+-------+-------++-------
Melee: Mace              |   126 |    83 |       |     6 |       ||   215
       Headbutt          |       |    26 |    82 |   172 |    12 ||   292
       Flail             |       |    76 |   218 |       |       ||   294
       Great sword       |       |       |   169 |   242 |    54 ||   465
       Double sword      |       |       |       |   425 |       ||   425
       Demon whip        |       |       |       |     7 |       ||     7
Invok: Berserk           |     3 |     5 |    12 |    21 |     2 ||    43
       Brothers in Arms  |       |       |       |     2 |       ||     2
  Use: Scroll            |       |     6 |    16 |    12 |       ||    34
       Potion            |       |       |     2 |     7 |       ||     9
Armor: Animal skin       |    22 |    12 |       |       |       ||    34
       Chain mail        |       |    55 |   267 |   367 |    18 ||   707
Dodge: Dodged            |    91 |    86 |   262 |   431 |    26 ||   896
       Rpst.: Great sword |       |       |    36 |    38 |     7 ||    81
       Double sword      |       |       |       |    76 |       ||    76

Table legend: (Time is in decaauts)
 A = Elapsed time spent in this place.
 B = Non-inter-level travel time spent in this place.
 C = Inter-level travel time spent in this place.
 D = Time resting spent in this place.
 E = Time spent auto-exploring this place.
 F = Levels seen in this place.
 G = Mean time per level.
                   A        B        C        D        E       F      G
               +--------+--------+--------+--------+--------+-----+--------+
         Total |  18575 |  18221 |    354 |   6003 |   8152 |  16 | 1160.9 |
       Dungeon |  18001 |  17647 |    354 |   5848 |   8082 |  13 | 1384.7 |
         Abyss |    169 |    169 |      0 |      0 |     70 |   2 |   84.5 |
       Ossuary |    404 |    404 |      0 |    155 |      0 |   1 |  404.0 |
               +--------+--------+--------+--------+--------+-----+--------+

Top non-repeatable levels by time:
    D:10: 2258 daAuts
    D:12: 1883 daAuts
     D:7: 1818 daAuts
     D:9: 1644 daAuts
    D:11: 1549 daAuts
     D:2: 1360 daAuts
     D:5: 1297 daAuts
     D:8: 1244 daAuts
     D:3: 1213 daAuts
     D:1: 1046 daAuts
     D:4: 947 daAuts
     D:6: 939 daAuts
    D:13: 798 daAuts
 Ossuary: 404 daAuts
 Abyss:3: 98 daAuts
